 Dungeon Crawl Stone Soup version 0.21.1-1-g345015f (webtiles) character file.

208192 shakethe the Severer (level 18, -5/158 HPs)
             Began as a Demonspawn Fighter on Feb 18, 2018.
             Was the Champion of Makhleb.
             Slain by Asterion
             ... wielding a +1 demon whip of venom
              (8 damage)
             ... on level 4 of the Snake Pit.
             The game lasted 02:51:08 (36823 turns).

shakethe the Severer (Demonspawn Fighter)          Turns: 36823, Time: 02:51:09

Health: -5/158     AC: 27    Str: 21    XL:     18   Next: 49%
Magic:  29/30      EV: 13    Int: 16    God:    Makhleb [******]
Gold:   1827       SH: 13    Dex: 18    Spells: 20/33 levels left

rFire    + . .     SeeInvis +   a - +8 broad axe of the Sky {freeze, +Blink Str+3}
rCold    + . .     Gourm    .   W - +1 buckler {reflect}
rNeg     . . .     Faith    .   C - +8 chain mail of the Hare {+Blink}
rPois    +         Spirit   .   l - +2 helmet
rElec    .         Reflect  +   g - +0 cloak of Action {rPois rC+ SInv Stlth+}
rCorr    .         Harm     .   F - +2 pair of gloves
MR       +++..                  (boots unavailable)
Stlth    ..........             S - amulet of regeneration {+regen, !d}
HPRegen  0.76/turn              r - ring of protection from magic {MR+, !d}
MPRegen  0.22/turn              o - ring of protection from magic {MR+, !d}

@: agile, lethally poisoned (-5 -> -8), studying Translocations
A: hooves 3, large bone plates 2, fire resistance 1, ignite blood, powered by
death 2, robust 1, flame cloud immunity, subdued magic 1
a: Minor Destruction, Lesser Servant of Makhleb, Major Destruction, Greater
Servant of Makhleb, Renounce Religion, Evoke Blink


You were on level 4 of the Snake Pit.
You worshipped Makhleb.
Makhleb was exalted by your worship.
You were hungry.

You visited 6 branches of the dungeon, and saw 30 of its levels.
You visited 1 bazaar.
You also visited: Labyrinth, Ossuary, Bailey and Wizlab.

You collected 2862 gold pieces.
You spent 1035 gold pieces at shops.

Inventory:

Hand Weapons
 a - the +8 broad axe of the Sky (weapon) {freeze, +Blink Str+3}
   (You acquired it on level 7 of the Dungeon)

   It has been specially enchanted to freeze those struck by it, causing extra
   injury to most foes and up to half again as much damage against particularly
   susceptible opponents.
   It can also slow down cold-blooded creatures.
   It affects your strength (+3).
   It lets you blink.
 b - the +9 morningstar "Lifebane" {speed, *Rage rC+ Str+3 Dex+5}
   (You found it in a labyrinth)

   Attacks with this weapon are significantly faster.
   It affects your strength (+3).
   It affects your dexterity (+5).
   It protects you from cold.
   It may make you go berserk in combat.
Missiles
 E - 16 tomahawks of returning (quivered)
Armour
 g - the +0 cloak of Action (worn) {rPois rC+ SInv Stlth+}
   (You bought it in a shop on level 2 of the Orcish Mines)

   It protects you from cold.
   It protects you from poison.
   It lets you see invisible.
   It makes you more stealthy.
 l - a +2 helmet (worn)
   (You found it on level 2 of the Dungeon)
 C - the +8 chain mail of the Hare (worn) {+Blink}
   (You bought it in a shop in a bazaar)

   It lets you blink.
 D - a +2 large shield
   (You took it off a naga warrior on level 2 of the Snake Pit)
 F - a +2 pair of gloves (worn)
   (You found it on level 8 of the Dungeon)
 G - the +2 cloak of Hoff {rElec Int+4}
   (You found it in a wizard's laboratory)

   It affects your intelligence (+4).
   It insulates you from electricity.
 W - a +1 buckler of reflection (worn)
   (You took it off a tengu warrior on level 14 of the Dungeon)
Jewellery
 c - an uncursed ring of protection from magic {MR+, !d}
   (You found it on level 1 of the Snake Pit)
 m - a +4 ring of slaying {unknown}
   (You found it on level 2 of the Snake Pit)
 o - a ring of protection from magic (right hand) {MR+, !d}
   (You found it on level 5 of the Lair of Beasts)
 r - a ring of protection from magic (left hand) {MR+, !d}
   (You found it on level 9 of the Dungeon)
 L - an uncursed ring of fire {rF+, rC-}
   (You found it on level 2 of the Snake Pit)
 S - an amulet of regeneration (around neck) {+regen, !d}
   (You bought it in a shop in a bazaar)
Wands
 d - a wand of polymorph (45)
   (You found it in a labyrinth)
 j - a wand of enslavement (17)
   (You took it off Maurice on level 8 of the Dungeon)
 q - a wand of paralysis (36)
   (You found it on level 4 of the Dungeon)
 T - a wand of digging (32)
   (You found it in a labyrinth)
Scrolls
 e - 3 scrolls of fear
 k - 15 scrolls of teleportation
 n - 6 scrolls of amnesia
 p - 14 scrolls of remove curse
 t - 2 scrolls of holy word {!r!r}
 u - 4 scrolls of enchant armour
 v - 8 scrolls of immolation {!r}
 B - a scroll of vulnerability {!r!r}
 H - 9 scrolls of identify
 I - 2 scrolls of magic mapping {!r}
 J - a scroll of silence {unknown}
 M - a scroll of enchant weapon
 P - 3 scrolls of brand weapon
 Z - 3 scrolls of blinking {!r}
Potions
 h - 4 potions of agility
 i - 18 potions of curing
 s - 3 potions of flight
 w - a potion of heal wounds
 x - 2 potions of haste
 z - 3 potions of magic
 A - 3 potions of mutation {!q}
 K - 2 potions of ambrosia
 O - a potion of cancellation {unknown}
 Q - 2 potions of resistance
 U - 3 potions of lignification {!q}
Books
 X - a manual of Translocations {!d}
   (You found it in a wizard's laboratory)
Miscellaneous
 y - a lightning rod (4/4)
   (You found it in a bailey)
 N - a lamp of fire
   (You found it on level 10 of the Dungeon)
 R - a fan of gales
   (You found it in a labyrinth)
 V - a phial of floods
   (You found it on level 11 of the Dungeon)
Comestibles
 f - 26 rations


   Skills:
 + Level 13.4 Fighting
 * Level 16.4 Axes
 + Level 8.7 Armour
 - Level 4.8 Shields
 + Level 8.1 Spellcasting
 + Level 8.1 Charms
 + Level 11.5 Necromancy
 + Level 5.9 Translocations
 + Level 7.9 Earth Magic
 + Level 11.4 Invocations
 - Level 10.1 Evocations


You had 20 spell levels left.
You knew the following spells:

 Your Spells              Type           Power        Failure   Level  Hunger
a - Borgnjor's Vile Clut  Necr/Erth      ####......   32%         5    #####..
r - Regeneration          Chrm/Necr      ####......   3%          3    ##.....
s - Shroud of Golubria    Chrm/Tloc      ###.......   5%          2    None
x - Vampiric Draining     Necr           ####......   1%          3    ##.....


Dungeon Overview and Level Annotations

Branches:
Dungeon (15/15)            Temple (1/1) D:7            Lair (6/6) D:11
 Shoals (0/4) Lair:2        Snake (4/4) Lair:2        Slime (0/5) Lair:5
    Orc (2/2) D:9             Elf (2/3) Orc:2        Vaults (0/5) D:14
 Depths (0/5) D:15

Altars:
Ashenzari
Cheibriados
Dithmenos
Elyvilon
Fedhas
Gozag
Hepliaklqana
Kikubaaqudgha
Makhleb
Nemelex Xobeh
Okawaru
Qazlal
Ru
Sif Muna
Trog
Uskayaw
Vehumet
Wu Jian
Xom
Yredelemnul
Zin
The Shining One
Jiyva

Shops:
D:10 *   D:12 :   D:15 *   Orc:2 *[:[   Elf:1 =

Annotations:
D:11 exclusions: oklob plant and oklob sapling
Snake:4 Asterion


Innate Abilities, Weirdness & Mutations

You have hooves in place of feet.
You are mostly covered in large bone plates. (SH +6)
Your flesh is heat resistant. (rF+)
Your demonic aura causes spilled blood to erupt in flames.
You regenerate health from kills.
You are robust. (+10% HP)
You are immune to clouds of flame.
Your spells are a little easier to cast, but a little less powerful.


Message History

The Executioner hits you but does no damage.
The Executioner hits you.
The Executioner hits you but does no damage.
You take 4 damage, and have 104/158 hp.
You closely miss the Executioner. Your kick misses the Executioner.
You block the Executioner's attack.
The Executioner hits you but does no damage.
The Executioner completely misses you. The Executioner closely misses you.
The Executioner hits you but does no damage.
You block the Executioner's attack.
You slash the Executioner! You freeze the Executioner.
The Executioner hits you but does no damage.
You block the Executioner's attack. x3
The Executioner hits you but does no damage.
The Executioner completely misses you.
Your chain mail of the Hare prevents you from hitting the Executioner.
You kick the Executioner. The Executioner hits you!
You block the Executioner's attack.
The Executioner hits you but does no damage.
You block the Executioner's attack.
The Executioner hits you but does no damage.
The Executioner barely misses you. You block the Executioner's attack.
The Executioner hits you but does no damage. x2
You take 15 damage, and have 91/158 hp.
Unknown command.
You slash the Executioner! You freeze the Executioner.
Your kick misses the Executioner. The Executioner hits you.
You block the Executioner's attack.
The Executioner hits you but does no damage.
Asterion says, "Soon your soul will belong to Makhleb."
The Executioner hits you.
The Executioner hits you but does no damage.
The Executioner hits you.
You take 13 damage, and have 78/158 hp.
You closely miss the Executioner. Your kick misses the Executioner.
The Executioner hits you!!
The Executioner hits you but does no damage.
You block the Executioner's attack. x3
The Executioner hits you but does no damage.
You take 18 damage, and have 60/158 hp.
You miss the Executioner. The Executioner barely misses you. x2
The Executioner hits you but does no damage.
The Executioner hits you. x2; The Executioner closely misses you.
You take 6 damage, and have 54/158 hp.
You slice the Executioner!! You freeze the Executioner.
You kill the Executioner!
Your skin crawls.
Asterion utters an invocation to Makhleb.
You regained 2 hp, and now have 56/158 hp.
You now have 27/30 mp.
You are feeling hungry.
Asterion hits you but does no damage. You block Asterion's attack.
You regained 2 hp, and now have 58/158 hp.
You regained 2 hp, and now have 60/158 hp.
You regained 2 hp, and now have 62/158 hp.
Your skin is crawling a little less now.
Asterion slowly taps his weapon in his hand.
You block Asterion's attack. x2
You regained 2 hp, and now have 65/158 hp.
Asterion hits you with a demon whip of venom!
Asterion gores you but does no damage.
There is a stone staircase leading down, spattered with blood here.
You take 7 damage, and have 58/158 hp.
You block Asterion's attack. Asterion gores you but does no damage.
You climb downwards.
The balrug disappears in a puff of smoke!
There is a stone staircase leading up here.
You regained 3 hp, and now have 61/158 hp.
Okay, then.
You feel agile all of a sudden.
Asterion hits you with a demon whip of venom!
You are poisoned.
You block Asterion's attack.
Asterion says, "In the name of our god, lay down your life!"
Asterion closely misses you. Asterion gores you but does no damage.
You take 8 damage, and have 53/158 hp.
You slash Asterion! You freeze Asterion.
You feel sick.
Asterion is engulfed in blazing flames.
Asterion hits you with a demon whip of venom!
* * * LOW HITPOINT WARNING * * *
Asterion gores you but does no damage.
You take 13 damage, and have 40/158 hp.
Asterion blocks your attack.
Your skin stops crawling.
You feel sick.
Asterion is engulfed in blazing flames.
You block Asterion's attack. Asterion closely misses you.
You hit Asterion. You freeze Asterion. Asterion blocks your attack.
You feel sick.
Asterion is engulfed in blazing flames.
Asterion says, "Enter my house and I will deliver you from evil."
Asterion hits you but does no damage. You block Asterion's attack.
You take 1 damage, and have 39/158 hp.
Asterion blocks your attack. x2; You feel sick.
Asterion is engulfed in blazing flames.
Asterion hits you with a demon whip of venom!!
* * * LOW HITPOINT WARNING * * *
Asterion gores you!
* * * LOW HITPOINT WARNING * * *
Asterion is engulfed in blazing flames.
Asterion hits you with a demon whip of venom!
You die...

... ...
..## ...##
...#######
.........
###H.......
#..@.......
#..########
#...#
.....#
....# ...#
#.. ##


You could see Asterion.

Vanquished Creatures
  A deep elf blademaster (Elf:2)
  Rupert (D:15)
  Gastronok (D:8)
  An Executioner (WizLab)
  Agnes (Snake:2)
  2 tentacled starspawn (WizLab)
  A nagaraja (Snake:2)
  A deep elf sorcerer (Elf:1)
  An orc warlord (Orc:2)
  A stone giant (Orc:1)
  Nessos (Lair:4)
  A deep elf death mage (Elf:1)
  A blizzard demon (WizLab)
  A mummy priest (Elf:2)
  A minotaur (Lab)
  A fire dragon (Lair:1)
  A yaktaur captain (D:15)
  2 rakshasas (WizLab)
  Erolcha (Orc:1)
  The ghost of Autsider the Carver, a journeyman TeBe of Trog (D:10)
  9 hydras
  3 naga warriors
  4 centaur warriors
  A catoblepas (Lair:6)
  7 anacondas
  A queen ant (Lair:2)
  23 dancing weapons
  12 two-headed ogres
  Erica (Lair:2)
  A death knight (D:15)
  3 tengu warriors
  2 vampire magi (Elf:2)
  6 orc high priests
  3 naga sharpshooters
  3 death yaks (Lair:6)
  2 thrashing horrors (WizLab)
  A shock serpent (Snake:2)
  Urug (D:15)
  14 deep elf knights
  A soul eater (WizLab)
  Nergalle (Lair:4)
  4 unseen horrors
  A wizard (WizLab)
  A death drake (WizLab)
  2 glowing orange brains (WizLab)
  3 sea snakes (Snake:2)
  An obsidian statue (WizLab)
  Pikel (D:5)
  A naga ritualist (Snake:1)
  6 deep elf archers (Elf:1)
  2 lindwurms (Lair:6)
  10 orc knights
  A harpy (shapeshifter) (D:15)
  5 mana vipers
  3 large abominations
  40 deep elf magi
  2 manticores (Lair:6)
  3 necromancers
  A worldbinder (WizLab)
  9 orc sorcerers
  12 ugly things
  3 cyclopes
  4 salamanders (Snake:2)
  23 black mambas
  Psyche (D:8)
  A stone giant skeleton (WizLab)
  Maurice (D:8)
  2 merfolk sirens (Lair:2)
  3 naga magi (Snake:2)
  2 guardian serpents (Snake:2)
  2 elephants (Lair:6)
  5 spiny frogs
  A centaur skeleton (D:14)
  The ghost of Monsterracer the Insei, a novice HuAM of Okawaru (D:5)
  5 kobold demonologists
  A tengu conjurer (D:15)
  2 efreet (D:15)
  7 komodo dragons
  A yaktaur (D:15)
  A red devil (WizLab)
  6 rime drakes
  2 merfolk (Lair:2)
  A queen bee (D:10)
  A polar bear (Lair:5)
  11 trolls
  A wind drake (WizLab)
  13 slime creatures
  17 blink frogs
  12 hippogriffs
  3 dream sheep (Lair:6)
  2 air elementals
  A ynoxinul (WizLab)
  6 water elementals
  2 wraiths
  26 yaks
  4 fire bats (Lair:1)
  8 wyverns
  2 fire elementals (Elf:2)
  4 basilisks
  3 hungry ghosts
  5 spatial vortices (WizLab)
  5 wargs
  4 vampire mosquitoes
  23 soldier ants
  An insubstantial wisp (WizLab)
  A small abomination (WizLab)
  29 nagas
  4 acid dragons
  25 water moccasins
  2 ice beasts
  3 porcupines (Lair:1)
  A hornet zombie (D:11)
  23 orc warriors
  An eye of draining (D:15)
  3 sky beasts
  4 black bears
  3 slaves
  The ghost of bmj180 the Covered, an amateur MiFi of Okawaru (D:3)
  2 boggarts (Elf:2)
  15 ogres
  3 wolves (Lair:2)
  20 centaurs
  The ghost of inmateoo the Insei, an amateur DsFE (D:4)
  16 crocodiles
  4 big kobolds (D:13)
  2 elf zombies (Elf:1)
  19 bullfrogs
  A yaktaur skeleton (WizLab)
  3 earth elementals
  2 gnoll sergeants (D:7)
  2 wyvern zombies
  3 scorpions
  32 killer bees
  An electric eel (Lair:4)
  A raiju skeleton (WizLab)
  5 wights (D:12)
  4 howler monkeys
  2 bullfrog zombies
  7 crimson imps
  7 centaur zombies
  2 iron imps (WizLab)
  6 hounds
  5 jellies
  24 orc priests
  2 human zombies (Ossuary)
  21 orc wizards
  2 iguanas
  Natasha (D:3)
  3 polar bear simulacra (D:14)
  A hell rat (Lair:6)
  35 worker ants
  3 yak simulacra (D:14)
  2 wolf simulacra (D:14)
  3 hound skeletons
  4 mummies (Ossuary)
  14 gnolls
  A howler monkey skeleton (D:11)
  21 adders
  4 shadow imps
  An adder zombie (D:7)
  An adder skeleton (D:4)
  2 worms
  3 dart slugs
  2 leopard geckos
  77 orcs
  8 bats
  5 giant cockroaches
  9 hobgoblins
  16 jackals
  5 quokkas
  11 ball pythons
  3 frilled lizards
  15 goblins
  3 goblin zombies (Ossuary)
  26 kobolds
  A leopard gecko zombie (D:7)
  2 orc zombies (Ossuary)
  2 quokka skeletons
  A quokka zombie (D:10)
  8 rats
  3 river rat simulacra (D:14)
  2 fungi (Lair:6)
  2 plants
  2 starspawn tentacles (WizLab)
1074 creatures vanquished.

Vanquished Creatures (collateral kills)
  An orc warlord (Bailey)
  A large abomination (Elf:1)
  An orc (Bailey)
3 creatures vanquished.

Vanquished Creatures (others)
  An eldritch tentacle (WizLab)
  A cyclops (D:15)
  An orc (D:15)
  8 plants (D:11)
  2 starspawn tentacles (WizLab)
13 creatures vanquished.

Grand Total: 1090 creatures vanquished

Notes
Turn   | Place    | Note
-------+----------+-------------------------------------------
     0 | D:1      | shakethe the Demonspawn Fighter began the quest for the Orb.
     0 | D:1      | Reached XP level 1. HP: 18/18 MP: 1/1
    11 | D:1      | Reached skill level 2 in Axes
    48 | D:1      | Gained mutation: You regenerate a little health from kills. [demonic ancestry]
    48 | D:1      | Reached XP level 2. HP: 21/24 MP: 2/2
   374 | D:1      | Gained mutation: You are partially covered in large bone plates. (SH +4) [demonic ancestry]
   374 | D:1      | Reached XP level 3. HP: 29/29 MP: 3/3
   653 | D:2      | Reached skill level 3 in Axes
  1044 | D:2      | Reached XP level 4. HP: 31/37 MP: 4/4
  1069 | D:2      | Reached skill level 4 in Fighting
  1169 | D:3      | Reached skill level 4 in Axes
  1178 | D:3      | Reached XP level 5. HP: 28/42 MP: 5/5
  1188 | D:3      | Found a white marble altar of Elyvilon.
  1223 | D:3      | Noticed bmj180's ghost (amateur MiFi)
  1248 | D:3      | HP: 10/42 [bmj180's ghost (12)]
  1568 | D:3      | Found a sparkling altar of Nemelex Xobeh.
  1607 | D:3      | Noticed Natasha
  1629 | D:3      | Killed Natasha
  1832 | D:3      | Learned a level 3 spell: Regeneration
  1929 | D:3      | HP: 9/43 [bmj180's ghost (5)]
  2221 | D:3      | Found a bloodstained altar of Trog.
  2557 | D:4      | Gained mutation: Your flesh is heat resistant. (rF+) [demonic ancestry]
  2557 | D:4      | Reached XP level 6. HP: 46/49 MP: 6/6
  2583 | D:4      | Found a sand-covered staircase.
  2588 | Ossuary  | Entered an ossuary
  2681 | Ossuary  | Reached skill level 5 in Axes
  2835 | Ossuary  | Reached skill level 5 in Fighting
  3280 | D:4      | Noticed inmateoo's ghost (amateur DsFE)
  3314 | D:4      | Killed inmateoo's ghost
  3314 | D:4      | Gained mutation: You are mostly covered in large bone plates. (SH +6) [demonic ancestry]
  3314 | D:4      | Reached XP level 7. HP: 31/56 MP: 7/7
  3729 | D:3      | HP: 12/56 [bmj180's ghost (9)]
  3986 | D:3      | HP: 13/56 [bmj180's ghost (9)]
  3989 | D:3      | HP: 6/56 [bmj180's ghost (8)]
  3990 | D:3      | Killed bmj180's ghost
  3990 | D:3      | Reached skill level 6 in Axes
  4300 | D:5      | Entered Level 5 of the Dungeon
  4625 | D:5      | Noticed Monsterracer's ghost (novice HuAM)
  4676 | D:5      | Killed Monsterracer's ghost
  4676 | D:5      | Reached skill level 6 in Fighting
  4676 | D:5      | Reached skill level 7 in Axes
  4676 | D:5      | Gained mutation: You are immune to clouds of flame. [demonic ancestry]
  4676 | D:5      | Reached XP level 8. HP: 64/64 MP: 8/8
  5143 | D:5      | Noticed Pikel
  5381 | D:5      | HP: 6/65 [ogre/giant spiked club (24)]
  5446 | D:4      | HP: 16/65 [ogre/giant spiked club (3)]
  5447 | D:4      | Reached skill level 1 in Evocations
  5786 | D:5      | Killed Pikel
  5786 | D:5      | Reached skill level 8 in Axes
  5786 | D:5      | Reached skill level 2 in Evocations
  5925 | D:6      | Reached skill level 7 in Fighting
  6007 | D:6      | Reached skill level 3 in Evocations
  6052 | D:6      | Found a stormy altar of Qazlal.
  6674 | D:7      | Gained mutation: You have large cloven feet. [demonic ancestry]
  6674 | D:7      | Reached XP level 9. HP: 67/72 MP: 11/11
  6692 | D:7      | Noticed a troll
  7066 | D:7      | Found a shattered altar of Ashenzari.
  7082 | D:6      | Reached skill level 9 in Axes
  7318 | D:6      | You fall through a shaft for 2 floors!
  7331 | D:8      | Reached skill level 4 in Evocations
  7735 | D:8      | HP: 18/74 [orc warrior/glaive (22)]
  8071 | D:7      | Reached skill level 8 in Fighting
  8312 | D:7      | Reached skill level 10 in Axes
  8351 | D:7      | Reached skill level 5 in Evocations
  9125 | D:7      | Identified a scroll of acquirement
  9189 | D:7      | Got a crystal broad axe
  9190 | D:7      | Identified the +8 broad axe of the Sky {freeze, +Blink Str+3} (You acquired it on level 7 of the Dungeon)
  9327 | D:7      | Found a deep blue altar of Sif Muna.
  9327 | D:7      | Found an ancient bone altar of Kikubaaqudgha.
  9384 | D:7      | Found a staircase to the Ecumenical Temple.
  9397 | Temple   | Entered the Ecumenical Temple
  9489 | Temple   | Became a worshipper of Makhleb the Destroyer
  9615 | D:8      | Gained mutation: You have hoof-like feet. [demonic ancestry]
  9615 | D:8      | Reached XP level 10. HP: 80/81 MP: 13/13
  9705 | D:8      | Noticed Psyche
  9719 | D:8      | Killed Psyche
  9839 | D:8      | Noticed Maurice
  9862 | D:8      | Killed Maurice
 10252 | D:8      | Noticed Gastronok
 10269 | D:8      | Killed Gastronok
 10269 | D:8      | Reached skill level 9 in Fighting
 10269 | D:8      | Reached skill level 11 in Axes
 10269 | D:8      | Reached skill level 6 in Evocations
 10712 | D:9      | Found a sparkling altar of Nemelex Xobeh.
 10737 | D:9      | Reached * piety under Makhleb
 11108 | D:9      | Reached XP level 11. HP: 89/89 MP: 16/16
 11195 | D:9      | Found a staircase to the Orcish Mines.
 11200 | D:9      | Reached skill level 7 in Evocations
 11255 | D:9      | Found a glowing golden altar of the Shining One.
 11284 | D:9      | Found an iron altar of Okawaru.
 11316 | D:9      | Noticed a two-headed ogre
 11318 | D:9      | Noticed a two-headed ogre
 11321 | D:9      | Killed a two-headed ogre
 11326 | D:9      | Killed a two-headed ogre
 11328 | D:9      | Reached skill level 12 in Axes
 11923 | D:10     | Entered Level 10 of the Dungeon
 11923 | D:10     | Noticed a two-headed ogre
 11931 | D:10     | Killed a two-headed ogre
 11931 | D:10     | Reached skill level 10 in Fighting
 12171 | D:10     | Reached ** piety under Makhleb
 12178 | D:10     | Noticed Autsider's ghost (journeyman TeBe)
 13129 | D:10     | Killed Autsider's ghost
 13129 | D:10     | Reached skill level 8 in Evocations
 13263 | D:10     | Got a faintly glowing marble ring
 13289 | D:10     | Found Nimuipla's General Store.
 13421 | D:10     | HP: 23/92 [poisoned by a queen bee]
 13426 | D:10     | HP: 21/92 [poisoned by a killer bee]
 13982 | D:11     | Killed an unseen horror
 14050 | D:11     | Reached *** piety under Makhleb
 14185 | D:11     | Noticed a seven-headed hydra
 14234 | D:11     | Found a labyrinth entrance.
 14243 | Lab      | Entered a labyrinth
 15080 | Lab      | Noticed a minotaur
 15088 | Lab      | Killed a minotaur
 15088 | Lab      | Reached skill level 13 in Axes
 15088 | Lab      | Reached XP level 12. HP: 99/99 MP: 18/18
 15098 | Lab      | Got a faintly humming robe
 15123 | Lab      | Got a transparent morningstar
 15124 | Lab      | Identified the +9 morningstar "Lifebane" {speed, *Rage rC+ Str+3 Dex+5} (You found it in a labyrinth)
 15145 | D:11     | Identified the ring "Fionnior" {rCorr rC++ Str-4 Int+3 SInv} (You found it on level 10 of the Dungeon)
 15161 | D:11     | Identified the +2 robe of Mysticism {MP+9 Int+2} (You found it in a labyrinth)
 15195 | D:11     | Killed a seven-headed hydra
 15195 | D:11     | Reached skill level 1 in Invocations
 15355 | D:11     | Reached skill level 1 in Necromancy
 15379 | D:11     | Learned a level 5 spell: Borgnjor's Vile Clutch
 15383 | D:11     | Learned a level 3 spell: Vampiric Draining
 15418 | D:11     | Reached skill level 3 in Armour
 15452 | D:11     | Noticed an eight-headed hydra
 15456 | D:11     | Reached skill level 3 in Shields
 15496 | D:11     | Killed an eight-headed hydra
 15496 | D:11     | Reached skill level 1 in Spellcasting
 15568 | D:11     | Reached skill level 2 in Invocations
 15579 | D:11     | Noticed a centaur warrior
 15590 | D:11     | Killed a centaur warrior
 15590 | D:11     | Reached skill level 1 in Charms
 15590 | D:11     | Reached skill level 1 in Earth Magic
 15668 | D:11     | Reached skill level 2 in Necromancy
 15668 | D:11     | Reached skill level 9 in Evocations
 15926 | D:11     | Found a staircase to the Lair.
 16124 | D:11     | HP: 22/99 [red ugly thing (11)]
 16127 | D:11     | HP: 6/99 [red ugly thing (8)]
 16819 | D:11     | Reached skill level 11 in Fighting
 16819 | D:11     | Reached skill level 2 in Spellcasting
 16819 | D:11     | Reached skill level 3 in Invocations
 17235 | D:12     | Noticed an eight-headed hydra
 17243 | D:12     | Killed an eight-headed hydra
 17301 | D:12     | Reached **** piety under Makhleb
 17378 | D:12     | Found a flagged portal.
 17436 | Bailey   | Entered a bailey
 17472 | Bailey   | Noticed an orc warlord
 17632 | Bailey   | Reached skill level 2 in Charms
 17649 | Bailey   | Found a runed gate.
 17651 | Bailey   | Found a runed gate.
 17652 | Bailey   | Found a runed gate.
 17700 | Bailey   | Reached skill level 2 in Earth Magic
 17936 | Bailey   | Killed an orc warlord
 18115 | Bailey   | Got a brightly glowing scale mail
 18126 | Bailey   | Identified the cursed +1 scale mail "Zodwoenn" {rC- Regen+ Int+2 Dex+7} (You found it in a bailey)
 18643 | D:12     | Found Itues's Book Emporium.
 18700 | D:12     | Reached skill level 3 in Necromancy
 19163 | D:13     | Reached skill level 4 in Armour
 19242 | D:13     | Gained mutation: You have hooves in place of feet. [demonic ancestry]
 19242 | D:13     | Reached XP level 13. HP: 106/106 MP: 15/19
 19243 | D:13     | Reached skill level 4 in Shields
 19444 | D:13     | Reached skill level 4 in Invocations
 19529 | D:13     | Reached ***** piety under Makhleb
 19556 | D:13     | Got an encrusted leather armour
 19650 | D:13     | Found a flickering gateway to a bazaar.
 19657 | Bazaar   | Entered a bazaar
 19671 | Bazaar   | Found Polug's Armour Emporium.
 19671 | Bazaar   | Found Hiereer's General Store.
 19677 | Bazaar   | Bought a scroll of magic mapping for 52 gold pieces
 19698 | Bazaar   | Found Uteikeot's Food Shoppe.
 19717 | Bazaar   | Found Atwi's Antique Armour Emporium.
 19736 | Bazaar   | Found Xarofyfo's General Store.
 19736 | Bazaar   | Found Yzot's General Store.
 19801 | Bazaar   | Bought a slimy chain mail for 209 gold pieces
 19820 | Bazaar   | Bought an uncursed amulet of regeneration for 270 gold pieces
 19835 | Bazaar   | Identified the +8 chain mail of the Hare {+Blink} (You bought it in a shop in a bazaar)
 19836 | Bazaar   | Identified the +1 leather armour of Otast {Regen+} (You found it on level 13 of the Dungeon)
 20052 | D:14     | Reached skill level 3 in Spellcasting
 20087 | D:14     | Reached skill level 3 in Charms
 20134 | D:14     | Reached skill level 4 in Necromancy
 20248 | D:14     | Reached skill level 3 in Earth Magic
 20377 | D:14     | Reached skill level 5 in Invocations
 20480 | D:14     | Found a gate to the Vaults.
 20539 | D:14     | Reached skill level 14 in Axes
 20711 | D:14     | Identified the Collected Works on Malediction and the Escort
 21073 | D:15     | Entered Level 15 of the Dungeon
 21112 | D:15     | Reached skill level 5 in Armour
 21116 | D:15     | Reached skill level 4 in Spellcasting
 21132 | D:15     | Reached ****** piety under Makhleb
 21180 | D:15     | Gained mutation: Your demonic aura causes spilled blood to erupt in flames. [demonic ancestry]
 21180 | D:15     | Reached XP level 14. HP: 104/113 MP: 6/21
 21336 | D:15     | Reached skill level 4 in Charms
 21355 | D:15     | Found a hide-covered altar of Uskayaw.
 21420 | D:15     | Noticed Urug
 21423 | D:15     | Reached skill level 6 in Invocations
 21480 | D:14     | Reached skill level 5 in Necromancy
 21505 | D:15     | Killed Urug
 21599 | D:15     | HP: 15/113 [yaktaur captain/bolt (33)]
 21759 | D:15     | Reached skill level 4 in Earth Magic
 21793 | D:15     | Reached skill level 10 in Evocations
 21839 | D:15     | Found a staircase to the Depths.
 21937 | D:15     | Found a shadowy altar of Dithmenos.
 22217 | D:15     | Noticed Rupert
 22218 | D:15     | Found Qopud's Changing Room.
 22236 | D:15     | Killed Rupert
 22705 | D:11     | Reached skill level 8 in Necromancy
 22705 | D:11     | Gained mutation: You are robust. (+10% HP) [demonic ancestry]
 22705 | D:11     | Reached XP level 15. HP: 114/132 MP: 22/22
 22737 | Lair:1   | Entered Level 1 of the Lair of Beasts
 23141 | Lair:1   | Reached skill level 9 in Necromancy
 23155 | Lair:1   | Reached skill level 7 in Invocations
 23675 | Lair:2   | Noticed Erica
 23681 | Lair:2   | Killed Erica
 23843 | Lair:2   | Reached skill level 5 in Spellcasting
 23849 | Lair:2   | Reached skill level 5 in Charms
 24002 | Lair:2   | Reached skill level 12 in Fighting
 24026 | Lair:2   | Found a staircase to the Shoals.
 24095 | Lair:2   | Found a staircase to the Snake Pit.
 24101 | Lair:2   | Reached skill level 6 in Armour
 24662 | Lair:3   | Got a jewelled ring mail
 25116 | Lair:4   | Noticed Nessos
 25121 | Lair:4   | Killed Nessos
 25121 | Lair:4   | Reached skill level 5 in Earth Magic
 25152 | Lair:4   | Noticed Nergalle
 25165 | Lair:4   | Killed Nergalle
 25209 | Lair:4   | Found an ancient bone altar of Kikubaaqudgha.
 25500 | Lair:4   | Gained mutation: You regenerate health from kills. [demonic ancestry]
 25500 | Lair:4   | Reached XP level 16. HP: 139/139 MP: 21/24
 25570 | Lair:4   | Reached skill level 8 in Invocations
 26175 | Lair:5   | Found a shimmering altar of Xom.
 26474 | Lair:5   | Found a viscous altar of Jiyva.
 26484 | Lair:5   | Found a staircase to the Slime Pits.
 26744 | Lair:5   | Identified the +4 ring mail of Restlessness {-Tele rPois Slay+6 SInv} (You found it on level 3 of the Lair of Beasts)
 26775 | Lair:6   | Entered Level 6 of the Lair of Beasts
 27170 | Lair:6   | Reached skill level 15 in Axes
 27900 | Orc:1    | Entered Level 1 of the Orcish Mines
 27911 | Orc:1    | Reached skill level 6 in Charms
 28140 | Orc:2    | Entered Level 2 of the Orcish Mines
 28140 | Orc:2    | Found a staircase to the Elven Halls.
 28407 | Orc:2    | Reached skill level 10 in Necromancy
 28479 | Orc:2    | Reached skill level 6 in Spellcasting
 28491 | Orc:2    | Found Bomif's General Store.
 28491 | Orc:2    | Found Dypod's Antique Armour Shoppe.
 28501 | Orc:2    | Reached skill level 9 in Invocations
 28503 | Orc:2    | Found Ycacril's Armour Shop.
 28503 | Orc:2    | Found Tuizaist's Book Shoppe.
 28517 | Orc:2    | Bought the +0 cloak of Action {rPois rC+ SInv Stlth+} for 504 gold pieces
 28757 | Orc:2    | Reached skill level 7 in Armour
 28757 | Orc:2    | Reached skill level 6 in Earth Magic
 29209 | Orc:1    | Noticed Erolcha
 29250 | Orc:1    | Killed Erolcha
 29523 | D:11     | Learned a level 2 spell: Shroud of Golubria
 29625 | Orc:2    | Got a warped chain mail
 29646 | Elf:1    | Entered Level 1 of the Elven Halls
 29748 | Elf:1    | Reached skill level 1 in Translocations
 29870 | Elf:1    | Identified Kikubaaqudgha's Grimoire of Unholy Arts
 30036 | Elf:1    | Reached XP level 17. HP: 128/148 MP: 26/26
 30206 | Elf:1    | Found Helixom's Gadget Shoppe.
 30210 | Elf:1    | Found Pojodyosuy's Jewellery Emporium.
 30520 | Elf:1    | You fall through a shaft!
 30554 | Elf:1    | Reached skill level 2 in Translocations
 30815 | Elf:2    | Reached skill level 10 in Invocations
 30835 | Elf:2    | Found a magical portal.
 30848 | WizLab   | Entered The Roulette of Golubria
 30848 | WizLab   | Found a transporter.
 30865 | WizLab   | Found a corrupted altar of Lugonu.
 30912 | WizLab   | Found a transporter.
 30931 | WizLab   | Found a transporter.
 30941 | WizLab   | Found a transporter.
 30977 | WizLab   | Found a transporter.
 31036 | WizLab   | Found a transporter.
 31094 | WizLab   | Found a transporter.
 31169 | WizLab   | Found a transporter.
 31213 | WizLab   | Found a transporter.
 31247 | WizLab   | Found a transporter.
 31374 | WizLab   | Found a transporter.
 31389 | WizLab   | Found a corrupted altar of Lugonu.
 31390 | WizLab   | Found a transporter.
 31640 | WizLab   | Found a transporter.
 31684 | WizLab   | Found a transporter.
 31693 | WizLab   | Reached skill level 7 in Charms
 31727 | WizLab   | Found a transporter.
 31727 | WizLab   | Found a transporter.
 31733 | WizLab   | Reached skill level 7 in Spellcasting
 31753 | WizLab   | Identified Regal's Collected Works on Translocation
 31765 | WizLab   | Found a transporter.
 31836 | WizLab   | Gained mutation: Your spells are a little easier to cast, but a little less powerful. [a neqoxec]
 31841 | WizLab   | Found a transporter.
 31850 | WizLab   | Reached skill level 7 in Earth Magic
 31864 | WizLab   | Got a warped cloak
 31916 | WizLab   | Got a scorched cloak
 31939 | WizLab   | Identified the +2 cloak of Incorporation {Stlth+} (You found it in a wizard's laboratory)
 31950 | WizLab   | Identified the +2 cloak of Hoff {rElec Int+4} (You found it in a wizard's laboratory)
 32033 | WizLab   | Found a transporter.
 32125 | WizLab   | Found a transporter.
 32129 | WizLab   | Reached skill level 3 in Translocations
 32308 | Elf:2    | Reached skill level 13 in Fighting
 32829 | Elf:2    | Found a runed gate.
 32829 | Elf:2    | Found a runed gate.
 32829 | Elf:2    | Found a runed gate.
 32868 | Elf:2    | Found a deep blue altar of Sif Muna.
 33017 | Elf:2    | HP: 30/148 [??? (28)]
 33462 | Elf:2    | Reached skill level 11 in Necromancy
 33473 | Elf:2    | Reached skill level 8 in Armour
 33770 | Elf:2    | Reached skill level 16 in Axes
 33822 | Elf:2    | Reached skill level 4 in Translocations
 33889 | Elf:2    | HP: 35/149 [dire flail of draining (3)]
 33897 | Elf:2    | HP: 37/149 [quick blade of holy wrath (5)]
 33901 | Elf:2    | Noticed a deep elf blademaster
 33904 | Elf:2    | HP: 36/149 [battleaxe of flaming (5)]
 33970 | Elf:2    | Killed a deep elf blademaster
 34724 | Elf:2    | Reached XP level 18. HP: 152/157 MP: 29/29
 35329 | Snake:1  | Entered Level 1 of the Snake Pit
 35679 | Snake:1  | Reached skill level 5 in Translocations
 35679 | Snake:1  | Reached skill level 11 in Invocations
 36141 | Snake:2  | Noticed Agnes
 36150 | Snake:2  | Killed Agnes
 36346 | Snake:2  | Reached skill level 8 in Charms
 36371 | Snake:2  | Reached skill level 8 in Spellcasting
 36791 | Snake:3  | Noticed Asterion
 36818 | Snake:4  | Entered Level 4 of the Snake Pit
 36822 | Snake:4  | HP: 39/158 [poisoned by Asterion]
 36823 | Snake:4  | HP: 17/158 [Asterion/demon whip of venom (22)]
 36823 | Snake:4  | HP: 3/158 [Asterion/demon whip of venom (14)]
 36823 | Snake:4  | Slain by Asterion

Skill      XL: |  1  2  3  4  5  6  7  8  9 10 11 12 13 14 15 16 17 18 |
---------------+-------------------------------------------------------+-----
Axes           | 2 3 4 5 7 8 10 11 13 14 15 16 | 16.4
Fighting       | 4 5 6 7 8 9 10 11 12 13 | 13.4
Evocations     | 3 5 6 8 9 10 | 10.1
Invocations    | 3 5 6 7 9 10 11 | 11.4
Necromancy     | 3 4 8 9 10 11 | 11.5
Armour         | 4 5 6 7 8 |  8.7
Shields        | 3 4 |  4.8
Spellcasting   | 2 4 5 6 7 8 |  8.1
Charms         | 2 3 4 5 6 7 8 |  8.1
Earth Magic    | 2 3 4 5 6 7 |  7.9
Translocations | 1 4 5 |  5.9

Action                   |  1- 3 |  4- 6 |  7- 9 | 10-12 | 13-15 | 16-18 || total
-------------------------+-------+-------+-------+-------+-------+-------++-------
Melee: War axe           |   127 |   235 |   526 |       |       |       ||   888
       Broad axe         |       |       |     5 |   527 |   653 |   975 ||  2160
       Morningstar       |       |       |       |    28 |    22 |    26 ||    76
       Kick              |       |       |       |       |   198 |   315 ||   513
Throw: Tomahawk          |       |       |       |    25 |     1 |       ||    26
 Cast: Regeneration      |       |       |       |       |       |    25 ||    25
       Shroud of Golubri |       |       |       |       |       |    16 ||    16
Invok: Minor Destruction |       |       |       |     5 |       |       ||     5
       Lesser Servant of |       |       |       |     1 |     1 |     5 ||     7
       Major Destruction |       |       |       |       |       |     2 ||     2
 Abil: Evoke Berserk Rag |       |       |     3 |     7 |       |       ||    10
Evoke: Lamp of fire      |       |       |       |     1 |       |       ||     1
       Wand              |       |       |       |     3 |       |     1 ||     4
       Phial of floods   |       |       |       |     1 |       |     1 ||     2
  Use: Potion            |       |       |     3 |     4 |     5 |     9 ||    21
       Scroll            |       |       |    17 |     8 |    10 |    19 ||    54
 Stab: Distracted        |       |       |       |     1 |       |       ||     1
       Invisible         |       |       |       |       |       |     1 ||     1
  Eat: Chunk             |       |     3 |    17 |    17 |     6 |    16 ||    59
       Ration            |       |     2 |     4 |     7 |     4 |     7 ||    24
Armor: Scale mail        |    69 |    91 |   168 |   129 |    29 |       ||   486
       Acid dragon scale |       |       |       |    82 |       |       ||    82
       Chain mail        |       |       |       |       |   278 |   523 ||   801
Dodge: Dodged            |    47 |    49 |    89 |   146 |   149 |   275 ||   755
Block: Shield            |   108 |   144 |   423 |   494 |   171 |       ||  1340
       Buckler           |       |       |       |       |   243 |   616 ||   859
       Reflection        |       |       |       |       |    11 |    42 ||    53

Vault maps used:
D:1:      tarquinn_simple_flora_water_f
D:3:      elyvilon_altar_5, bloody_trog, nemelex_lonely_heart_becter,
          uniq_natasha
D:4:      enter_ossuary_2
D:5:      lemuel_upstairs_altar, first_ration, uniq_pikel
D:6:      lemuel_doored_altar, minivault_1
D:7:      hangedman_cross_stitches, evilmike_ruin_ashenzari,
          gammafunk_temple_overflow_wave, temple_fountains,
          hangedman_decor_riveting
D:8:      hangedman_pestilent_swarm, grunt_decor_fettered, uniq_psyche,
          uniq_maurice, uniq_gastronok
D:9:      okawaru_trees_2, kennysheep_mini, nemelex_xobeh_ov_fountains_minmay
D:10:     special_room, serial_shops, shop
D:11:     minmay_tri_box, david_lair_shrubbed, lab_entry_generic,
          introduction_to_nature_2
D:12:     enter_bailey_2, serial_shops, shop_fountains,
          eino_small_chamber_without_monster
D:13:     serial_shops, bzr_entry_safe, serial_corexii_hall,
          corexii_hall_statues_u, corexii_hall_statues_i
D:14:     david_vaults_1, bh_walls_and_bars, eino_house_with_fridge
D:15:     grunt_enter_depths_snipers, basic_altar,
          nicolae_dithmenos_shadow_blocks, nicolae_transmutations_shop,
          uniq_urug, uniq_rupert
Temple:   nicolae_temple_great_sept
Lair:1:   dragon1_lemuel
Lair:2:   elwin_shoals_entry_stream, guppyfry_snake_entry_garden, minivault_29,
          uniq_erica
Lair:4:   basic_altar, grunt_forest_stairs_basic, serial_bayou_shore_a,
          uniq_nergalle, uniq_nessos
Lair:5:   slime_altar_1, basic_altar, beast_lair_carwin_8
Lair:6:   hangedman_lair_in_review
Snake:1:  minmay_snake_river
Snake:2:  nicolae_snake_springs, uniq_agnes
Snake:3:  serial_bayou_pond_c, nicolae_snake_linked_coils, uniq_asterion
Snake:4:  snake_pit, serial_bayou_shore_b
Orc:1:    uniq_erolcha
Orc:2:    grunt_orc_tribal_feast, elf_legates
Elf:1:    eino_elf_arrival_shootout, minmay_elf_necromancy, abandoned_shop,
          guppyfry_library_mini, minmay_shoptagon
Elf:2:    mu_enter_wizlab_3, hangedman_summoners_spam
Bazaar:   bazaar_long_row
Ossuary:  ossuary_crypta
Bailey:   bailey_axe_bossmonster_kennysheep, bailey
WizLab:   wizlab_golubria

Table legend:
 A = Turns spent in this place as a percentage of turns spent in the entire game.
 B = Non-inter-level travel turns spent in this place as a percentage of non-inter-level travel turns spent in the entire game.
 C = Inter-level travel turns spent in this place as a percentage of turns spent in this place.
 D = Turns resting spent in this place as a percentage of non-inter-level travel turns spent in this place.
 E = Turns spent auto-exploring this place as a percentage of non-inter-level travel turns spent in this place.
 F = Non-inter-level travel turns spent in this place divided by the number of levels of this place that you've seen.
                   A       B       C       D       E      F
               +-------+-------+-------+-------+-------+----------------------
         Total | 100.0 | 100.0 |   3.0 |  14.8 |  35.6 | 1020.6
       Dungeon |  56.8 |  56.5 |   3.6 |  24.4 |  32.1 | 1345.1
        Temple |   0.3 |   0.3 |   0.0 |   0.0 |  65.1 | 106.0
          Lair |  13.8 |  14.0 |   2.1 |   0.5 |  71.8 | 831.3
     Snake Pit |   4.1 |   4.2 |   0.0 |   0.0 |  48.5 | 373.5
  Orcish Mines |   4.4 |   4.3 |   5.8 |   4.6 |  38.5 | 766.5
   Elven Halls |  10.7 |  10.6 |   3.7 |   4.4 |  22.0 | 1891.5
     Labyrinth |   2.4 |   2.5 |   0.0 |   0.0 |   0.0 | 884.0
        Bazaar |   0.6 |   0.6 |   0.0 |   0.0 |   0.0 | 229.0
       Ossuary |   0.8 |   0.8 |   0.0 |   0.0 |   0.0 | 294.0
        Bailey |   2.3 |   2.4 |   0.0 |  13.2 |   3.9 | 846.0
        Wizlab |   3.8 |   3.9 |   0.0 |   0.0 |  29.3 | 1388.0
               +-------+-------+-------+-------+-------+----------------------

Table legend:
 A = Kills in this place as a percentage of kills in entire the game.
 B = Kills by you in this place as a percentage of kills by you in the entire game.
 C = Kills by friends in this place as a percentage of kills by friends in the entire game.
 D = Other kills in this place as a percentage of other kills in the entire game.
 E = Experience gained in this place as a percentage of experience gained in the entire game.
 F = Experience gained in this place divided by the number of levels of this place that you have seen.
                   A       B       C       D       E      F
               +-------+-------+-------+-------+-------+----------------------
         Total | 100.0 | 100.0 | 100.0 | 100.0 | 100.0 | 8244.4
       Dungeon |  47.0 |  47.1 |   0.0 |  50.0 |  27.9 | 5367.2
          Lair |  17.0 |  17.1 |   0.0 |   0.0 |  16.6 | 7981.0
     Snake Pit |   9.0 |   9.0 |   0.0 |   0.0 |  14.0 | 10104.5
  Orcish Mines |   9.3 |   9.3 |   0.0 |   0.0 |   8.2 | 11779.0
   Elven Halls |  10.2 |  10.1 |  33.3 |   0.0 |  24.2 | 34845.5
     Labyrinth |   0.1 |   0.1 |   0.0 |   0.0 |   0.4 | 1111.0
       Ossuary |   1.1 |   1.1 |   0.0 |   0.0 |   0.1 | 202.0
        Bailey |   2.5 |   2.3 |  66.7 |   0.0 |   0.7 | 1937.0
        Wizlab |   3.8 |   3.8 |   0.0 |  50.0 |   8.1 | 23244.0
               +-------+-------+-------+-------+-------+----------------------
